[Event "Monday 23 April Rapid Engine Tour 12+1 Rounds 9 Starts 1600ST"]
[Site "Infinity Chess"]
[Date "2018.4.23"]
[Round "8"]
[White "Mr Aj"]
[Black "KRAKEN"]
[Result "1/2-1/2"]
[ECO "D30"]
[WhiteElo "2478"]
[BlackElo "2544"]
[WhiteEngine "Houdini 6_CTG"]
[BlackEngine "Raubfisch ME262_GTZ17b1_CTG"]
[EventType "Swiss"]
[WhiteTeam ""]
[BlackTeam ""]
[PlyCount "108"]
[TimeControl "720+1"]

1. d4 d5 2. c4 e6 3. Nf3 Nf6 4. Nc3 c6 5. Bg5 h6 6. Bxf6 Qxf6 7. e3 Nd7 
8. Bd3 dxc4 9. Bxc4 Bd6 10. Qd2 O-O 11. Ne4 Qe7 12. Nxd6 Qxd6 13. O-O b6 
14. Rfd1 Bb7 15. Qe2 a5 16. Rac1 Qe7 17. h3 Rfd8 18. a3 c5 19. Bb5 Rab8 
20. Rd2 Bxf3 21. Qxf3 Nf6 22. Rcd1 Rbc8 23. Ba6 Rc7 24. dxc5 Rxd2 25. Rxd2 Rxc5 
26. Qa8+ Kh7 27. g3 g6 28. Qb7 Qxb7 29. Bxb7 Rc7 30. Ba6 Kg7 31. Kg2 e5 
32. Kf3 Kf8 33. Bb5 Rc5 34. Be2 Ke7 35. b4 axb4 36. axb4 Rc1 37. g4 e4+ 
38. Kg3 Rg1+ 39. Kf4 Rb1 40. b5 Rc1 41. Kg3 g5 42. Rd4 Rc2 43. Bf1 h5 
44. gxh5 Nxh5+ 45. Kg4 Rxf2 46. Rxe4+ Kf6 47. Bd3 Rd2 48. Rc4 Rxd3 49. Rc6+ Ke5 
50. Kxh5 Rxe3 51. Kxg5 Rxh3 52. Rxb6 Rb3 53. Rf6 Rg3+ 54. Kh4 Rg7 1/2-1/2

[Event "Monday 23 April Rapid Engine Tour 12+1 Rounds 9 Starts 1600ST"]
[Site "Infinity Chess"]
[Date "2018.4.23"]
[Round "7"]
[White "Vimtiroba"]
[Black "beka"]
[Result "1-0 "]
[ECO "C55"]
[WhiteElo "2418"]
[BlackElo "2303"]
[WhiteEngine "AsmFish A10_CTG"]
[BlackEngine "Eman 1.70-beta21 64-bit"]
[EventType "Swiss"]
[WhiteTeam ""]
[BlackTeam ""]
[PlyCount "25"]
[TimeControl "720+1"]

1. e4 e5 2. Nf3 Nc6 3. Bc4 Nf6 4. d3 Bc5 5. O-O d6 6. c3 a5 7. Re1 h6 
8. Nbd2 O-O 9. h3 Be6 10. Bb5 Qb8 11. Nf1 Qa7 12. Re2 a4 13. Ng3 1-0

[Event "Monday 23 April Rapid Engine Tour 12+1 Rounds 9 Starts 1600ST"]
[Site "Infinity Chess"]
[Date "2018.4.23"]
[Round "7"]
[White "KhalidOmar"]
[Black "Dovahkiin"]
[Result "1/2-1/2"]
[ECO "D31"]
[WhiteElo "2431"]
[BlackElo "2364"]
[WhiteEngine "Eman 1.70-beta24 64-bit BMI2"]
[BlackEngine "BrainFish_180418_x64_modern_CTG"]
[EventType "Swiss"]
[WhiteTeam ""]
[BlackTeam ""]
[PlyCount "112"]
[TimeControl "720+1"]

1. d4 d5 2. c4 e6 3. Nc3 c6 4. e4 dxe4 5. Nxe4 Bb4+ 6. Nc3 c5 7. a3 Ba5 
8. Be3 Ne7 9. Nge2 cxd4 10. Qxd4 Nf5 11. Qe4 Nxe3 12. Qxe3 Qb6 13. Qd2 Qd8 
14. Qc2 Bd7 15. Rd1 Qe7 16. b4 Bc7 17. Nd4 a5 18. b5 Qxa3 19. Bd3 Be5 
20. Be4 Qb4 21. Qd3 Bc8 22. O-O Nd7 23. Na4 Qxa4 24. Nf3 Bd6 25. Qxd6 Qb4 
26. Qd4 O-O 27. Bxh7+ Kxh7 28. Qh4+ Kg8 29. Ng5 Nf6 30. Rd3 e5 31. Rf3 Qb2 
32. Rxf6 Qc2 33. Rf3 Bf5 34. g4 f6 35. gxf5 fxg5 36. Qxg5 Qe4 37. Rg3 Rf7 
38. f6 Qf4 39. fxg7 Qxg5 40. Rxg5 Rxg7 41. Rxg7+ Kxg7 42. Kg2 Kf6 43. c5 a4 
44. c6 bxc6 45. bxc6 a3 46. Ra1 a2 47. c7 Rg8+ 48. Kf3 Rc8 49. Rxa2 Rxc7 
50. h3 e4+ 51. Kg4 Rc3 52. h4 e3 53. Re2 exf2 54. Rxf2+ Kg7 55. Rf3 Rc5 
56. Kf4 Rc6 1/2-1/2

[Event "Monday 23 April Rapid Engine Tour 12+1 Rounds 9 Starts 1600ST"]
[Site "Infinity Chess"]
[Date "2018.4.23"]
[Round "7"]
[White "Marsell"]
[Black "CrapCleaner"]
[Result "1/2-1/2"]
[ECO "C53"]
[WhiteElo "2457"]
[BlackElo "2436"]
[WhiteEngine "BrainFish_180418_x64_bmi2"]
[BlackEngine "Raubfisch ME262_GTZ17b1_CTG"]
[EventType "Swiss"]
[WhiteTeam ""]
[BlackTeam ""]
[PlyCount "31"]
[TimeControl "720+1"]

1. e4 e5 2. Nf3 Nc6 3. Bc4 Bc5 4. c3 Nf6 5. d3 d6 6. O-O O-O 7. h3 a6 8. Re1 h6 
9. a4 a5 10. Bb5 Bd7 11. Nbd2 Re8 12. Nf1 Nh5 13. N1d2 Nf6 14. Nf1 Nh5 
15. Ne3 Nf6 16. Nf1 1/2-1/2

[Event "Monday 23 April Rapid Engine Tour 12+1 Rounds 9 Starts 1600ST"]
[Site "Infinity Chess"]
[Date "2018.4.23"]
[Round "7"]
[White "star99"]
[Black "Eman"]
[Result "1/2-1/2"]
[ECO "E10"]
[WhiteElo "2462"]
[BlackElo "2463"]
[WhiteEngine "Cryptic Heroes 9.4B"]
[BlackEngine "Eman 1.70-beta24 64-bit POPCNT"]
[EventType "Swiss"]
[WhiteTeam ""]
[BlackTeam ""]
[PlyCount "68"]
[TimeControl "720+1"]

1. d4 Nf6 2. c4 e6 3. Nf3 d5 4. e3 b6 5. b3 Bb7 6. Bb2 Bd6 7. g3 O-O 8. Bg2 dxc4 
9. bxc4 c5 10. O-O Nc6 11. Ne5 Rc8 12. Nd2 cxd4 13. exd4 Bxe5 14. dxe5 Nd7 
15. Ba3 Re8 16. f4 Na5 17. Rc1 h6 18. Bxb7 Nxb7 19. Ne4 Qc7 20. Qg4 Qc6 
21. Nf6+ Nxf6 22. exf6 g6 23. Qh3 Kh7 24. Rc3 Rg8 25. g4 g5 26. Qh5 Qd7 
27. Rh3 Qd4+ 28. Rf2 Rg6 29. Bb2 Qd1+ 30. Rf1 Qe2 31. Rf2 Qe1+ 32. Rf1 Qe2 
33. Rf2 Qd1+ 34. Rf1 Qe2 1/2-1/2

[Event "Monday 23 April Rapid Engine Tour 12+1 Rounds 9 Starts 1600ST"]
[Site "Infinity Chess"]
[Date "2018.4.23"]
[Round "7"]
[White "angriff"]
[Black "hafaba"]
[Result "1/2-1/2"]
[ECO "B90"]
[WhiteElo "2404"]
[BlackElo "2440"]
[WhiteEngine "DracoREX 3.07 64BIT POPCNT_CTG"]
[BlackEngine "Eman 1.70-beta21 64-bit POPCNT_CTG"]
[EventType "Swiss"]
[WhiteTeam ""]
[BlackTeam ""]
[PlyCount "54"]
[TimeControl "720+1"]

1. e4 c5 2. Nf3 d6 3. d4 cxd4 4. Nxd4 Nf6 5. Nc3 a6 6. Be3 e5 7. Nb3 Be6 
8. f3 Be7 9. Qd2 O-O 10. O-O-O Nbd7 11. g4 b5 12. g5 Nh5 13. Kb1 Nb6 
14. Nd5 Nxd5 15. exd5 Bf5 16. Na5 f6 17. Nc6 Qd7 18. h4 fxg5 19. hxg5 Ng3 
20. Rg1 Nxf1 21. Rdxf1 Bg6 22. Rf2 Rae8 23. b3 Rf5 24. Qa5 Ra8 25. Qd2 Re8 
26. Qa5 Ra8 27. Qd2 Re8 1/2-1/2

[Event "Monday 23 April Rapid Engine Tour 12+1 Rounds 9 Starts 1600ST"]
[Site "Infinity Chess"]
[Date "2018.4.23"]
[Round "7"]
[White "MedusaV3"]
[Black "Katzenmaier"]
[Result "1-0"]
[ECO "A81"]
[WhiteElo "2413"]
[BlackElo "2495"]
[WhiteEngine "Eman 1.70-beta23 64-bit BMI2_CTG"]
[BlackEngine "Raubfisch X36d1"]
[EventType "Swiss"]
[WhiteTeam ""]
[BlackTeam ""]
[PlyCount "131"]
[TimeControl "720+1"]

1. d4 f5 2. g3 Nf6 3. Bg2 e6 4. Nf3 Be7 5. O-O Ne4 6. c4 O-O 7. Nc3 Nxc3 
8. bxc3 Nc6 9. Qa4 Qe8 10. d5 Nd8 11. Nd4 e5 12. d6 Bxd6 13. Bd5+ Nf7 
14. Nb5 Kh8 15. c5 c6 16. cxd6 cxb5 17. Qa3 h6 18. Rb1 a6 19. c4 bxc4 
20. Rb6 Qd8 21. Qc5 c3 22. f4 e4 23. Be3 Qe8 24. Qxc3 Nd8 25. Bc1 Qg6 26. Bb2 a5 
27. a4 Ne6 28. Kh1 Ra6 29. Rxa6 bxa6 30. Rc1 Rg8 31. Qxa5 Kh7 32. Qd2 h5 
33. Be5 Re8 34. a5 Qg4 35. Qe3 Qh3 36. Kg1 h4 37. Rc3 hxg3 38. hxg3 Rh8 
39. Qf2 Kg6 40. Qg2 Qxg2+ 41. Kxg2 Re8 42. g4 e3 43. Kg3 Ng5 44. gxf5+ Kxf5 
45. Rxe3 Re6 46. Kg2 Re8 47. Kf2 Re6 48. Kg3 Rg6 49. fxg5 Kxg5 50. Bf4+ Kf5+ 
51. Kf3 Rg1 52. Re5+ Kg6 53. Re8 Bb7 54. Bxb7 Rf1+ 55. Kg3 Kf6 56. Bd5 g5 
57. Bd2 Rg1+ 58. Kh3 g4+ 59. Kh4 Rd1 60. Bc3+ Kg6 61. Be4+ Kf7 62. Re7+ Kf8 
63. Bg6 Rh1+ 64. Kg5 Rh5+ 65. Kxh5 g3 66. Re8# 1-0

[Event "Monday 23 April Rapid Engine Tour 12+1 Rounds 9 Starts 1600ST"]
[Site "Infinity Chess"]
[Date "2018.4.23"]
[Round "7"]
[White "Thinker"]
[Black "SkyPilot"]
[Result "1/2-1/2"]
[ECO "C55"]
[WhiteElo "2469"]
[BlackElo "2474"]
[WhiteEngine "BrainFish_180418_x64_modern_CTG"]
[BlackEngine "stockfish_x64_bmi2_2018_04_07_CTG"]
[EventType "Swiss"]
[WhiteTeam ""]
[BlackTeam ""]
[PlyCount "108"]
[TimeControl "720+1"]

1. e4 e5 2. Nf3 Nc6 3. Bc4 Nf6 4. d3 Bc5 5. c3 d6 6. O-O O-O 7. h3 a5 8. Nbd2 h6 
9. Re1 Be6 10. b3 Bb6 11. a4 d5 12. Bb5 Ne7 13. exd5 Nfxd5 14. Qc2 c6 
15. Bc4 Ng6 16. d4 Ndf4 17. dxe5 Nh4 18. Bf1 Bd5 19. Re4 Nfg6 20. Bc4 Re8 
21. g3 Qc8 22. Bxd5 Nxf3+ 23. Nxf3 cxd5 24. Rg4 Qc6 25. Nd4 Bxd4 26. Rxd4 Nxe5 
27. Kg2 b5 28. axb5 Qxb5 29. Qd1 Qb7 30. Rxd5 a4 31. f3 axb3 32. Rxa8 Rxa8 
33. Rxe5 b2 34. Bxb2 Qxb2+ 35. Qe2 Qxc3 36. h4 Qc6 37. h5 Rb8 38. g4 Ra8 
39. Re7 Rb8 40. Qe3 Ra8 41. Qf4 Qd5 42. Kg3 Rd8 43. Qe3 Qd6+ 44. Kh3 Rc8 
45. Qe1 Qb8 46. Qd1 Re8 47. Rxe8+ Qxe8 48. Qd5 Qe3 49. Qe4 Qxe4 50. fxe4 g6 
51. hxg6 fxg6 52. Kg3 h5 53. gxh5 gxh5 54. e5 Kf7 1/2-1/2

[Event "Monday 23 April Rapid Engine Tour 12+1 Rounds 9 Starts 1600ST"]
[Site "Infinity Chess"]
[Date "2018.4.23"]
[Round "7"]
[White "MarioDeMonti"]
[Black "Mr Aj"]
[Result "0-1"]
[ECO "B30"]
[WhiteElo "2485"]
[BlackElo "2461"]
[WhiteEngine "stockfish_x64_bmi2_2018_02_18_CTG"]
[BlackEngine "Houdini 6_CTG"]
[EventType "Swiss"]
[WhiteTeam ""]
[BlackTeam ""]
[PlyCount "154"]
[TimeControl "720+1"]

1. e4 c5 2. Nf3 Nc6 3. Nc3 e6 4. d4 cxd4 5. Nxd4 Nf6 6. Nxc6 bxc6 7. e5 Nd5 
8. Ne4 Qc7 9. f4 Qb6 10. c4 Bb4+ 11. Ke2 f5 12. exf6 Nxf6 13. Be3 Qd8 
14. Nd6+ Bxd6 15. Qxd6 Bb7 16. Kd1 c5 17. Qxc5 Be4 18. Qd6 Rc8 19. Bxa7 Rc6 
20. Qb8 Rc8 21. Qe5 O-O 22. Bd4 Bf5 23. Qe3 d6 24. Bb6 Qd7 25. Be2 d5 
26. Ke1 dxc4 27. Bd4 Nd5 28. Qd2 Bd3 29. Rf1 Bxe2 30. Kxe2 Rcd8 31. Rad1 c3 
32. bxc3 e5 33. fxe5 Qg4+ 34. Ke1 Rxf1+ 35. Kxf1 Nxc3 36. Rc1 Nb5 37. h3 Qxd4 
38. Qxd4 Nxd4 39. Rc4 Ne6 40. Ke2 Rd5 41. Rc3 Rxe5+ 42. Kf2 Ra5 43. a3 Kf7 
44. Kg1 h5 45. Rf3+ Ke7 46. Rg3 g5 47. Kf1 Rb5 48. Rf3 Kd6 49. Kg1 Rb1+ 
50. Kf2 Rb2+ 51. Kf1 Ra2 52. Rb3 h4 53. Re3 Kd5 54. Rb3 Nf4 55. Rb5+ Ke4 
56. Rb4+ Ke3 57. Rb3+ Nd3 58. Kg1 Ra1+ 59. Kh2 Kd4 60. g4 Ke4 61. Kg2 Ra2+ 
62. Kf1 Rf2+ 63. Kg1 Rd2 64. a4 Ne1 65. Kf1 Nf3 66. Rb4+ Ke3 67. Rb3+ Kf4 
68. a5 Kg3 69. Rxf3+ Kxf3 70. Ke1 Ke3 71. a6 Rd7 72. Kf1 Ra7 73. Ke1 Rxa6 
74. Kf1 Ra2 75. Kg1 Kf3 76. Kh1 Kg3 77. Kg1 Ra1# 0-1

[Event "Monday 23 April Rapid Engine Tour 12+1 Rounds 9 Starts 1600ST"]
[Site "Infinity Chess"]
[Date "2018.4.23"]
[Round "7"]
[White "Time_bandit"]
[Black "KRAKEN"]
[Result "1/2-1/2"]
[ECO "C77"]
[WhiteElo "2469"]
[BlackElo "2547"]
[WhiteEngine "asmFishW_2018-04-11_bmi2"]
[BlackEngine "Raubfisch ME262_GTZ17b1_CTG"]
[EventType "Swiss"]
[WhiteTeam ""]
[BlackTeam ""]
[PlyCount "150"]
[TimeControl "720+1"]

1. e4 e5 2. Nf3 Nc6 3. Bb5 a6 4. Ba4 Nf6 5. O-O Be7 6. Re1 b5 7. Bb3 O-O 
8. c3 d6 9. h3 Bb7 10. d4 Re8 11. Nbd2 Bf8 12. a4 exd4 13. cxd4 h6 14. Bc2 Nb4 
15. Bb1 c5 16. d5 Nd7 17. Ra3 c4 18. axb5 axb5 19. Nd4 Rxa3 20. bxa3 Nd3 
21. Bxd3 cxd3 22. Bb2 Qa5 23. Nf5 g6 24. Ne3 h5 25. Nb3 Qa4 26. Qxd3 Qxe4 
27. Qxb5 Bxd5 28. Nd2 Qe6 29. Ba1 Bh6 30. Qb2 Kh7 31. a4 Rc8 32. Qd4 Ba8 
33. Ndc4 d5 34. Nd2 Qb6 35. Nf3 Qxd4 36. Bxd4 Nf8 37. a5 Ne6 38. Bb6 Rc3 
39. Rd1 Bf4 40. Nd4 Be5 41. Nf3 Bc7 42. Ra1 Bxb6 43. axb6 Bb7 44. Ra7 Nc5 
45. Ra5 Ne4 46. Nxd5 Rb3 47. Ne5 Kg7 48. f3 Nd6 49. Rc5 h4 50. Nd7 Rb1+ 
51. Kf2 Rb2+ 52. Kg1 Rb1+ 53. Kf2 Rb2+ 54. Kf1 Rb1+ 55. Ke2 Rb2+ 56. Kf1 Bxd5 
57. Rxd5 Nc4 58. Rd4 Ne3+ 59. Kg1 Rxg2+ 60. Kh1 Rb2 61. Rxh4 Nd5 62. Kg1 Nxb6 
63. Nxb6 Rxb6 64. Kf2 g5 65. Rc4 Rb3 66. Kg3 Kg6 67. Rc8 Kf6 68. Rc6+ Ke5 
69. Rc7 f6 70. Rc5+ Kd4 71. Rf5 Rb6 72. Ra5 Rb1 73. f4 gxf4+ 74. Kf2 f3 
75. Kxf3 Rb3+ 1/2-1/2

[Event "Monday 23 April Rapid Engine Tour 12+1 Rounds 9 Starts 1600ST"]
[Site "Infinity Chess"]
[Date "2018.4.23"]
[Round "6"]
[White "beka"]
[Black "star99"]
[Result "1/2-1/2"]
[ECO "C42"]
[WhiteElo "2296"]
[BlackElo "2469"]
[WhiteEngine "Eman 1.70-beta21 64-bit"]
[BlackEngine "Cryptic Heroes 9.4B"]
[EventType "Swiss"]
[WhiteTeam ""]
[BlackTeam ""]
[PlyCount "90"]
[TimeControl "720+1"]

1. e4 e5 2. Nf3 Nf6 3. Nxe5 d6 4. Nf3 Nxe4 5. d4 d5 6. Bd3 Nc6 7. O-O Be7 
8. c4 Nf6 9. Nc3 dxc4 10. Bxc4 O-O 11. Re1 Bg4 12. d5 Nb8 13. h3 Bxf3 
14. Qxf3 Nbd7 15. Bb3 Bd6 16. Nb5 Be5 17. Bg5 a6 18. Nc3 h6 19. Bh4 Re8 
20. Ne4 g5 21. Bg3 Nxe4 22. Rxe4 Bd6 23. Rxe8+ Qxe8 24. Rc1 Qe7 25. Bxd6 Qxd6 
26. Qc3 Rc8 27. Qc4 Ne5 28. Qe4 Ng6 29. g3 Rd8 30. Rc3 Rd7 31. Qg4 Kg7 
32. h4 Ne5 33. Qe4 Re7 34. hxg5 hxg5 35. Kg2 g4 36. Re3 Qh6 37. Kf1 Kf8 
38. Qb4 Qh1+ 39. Ke2 Qc1 40. Qxb7 Qxb2+ 41. Kf1 Qb1+ 42. Kg2 Qh7 43. Kf1 Qb1+ 
44. Ke2 Qb2+ 45. Kf1 Qb1+ 1/2-1/2

[Event "Monday 23 April Rapid Engine Tour 12+1 Rounds 9 Starts 1600ST"]
[Site "Infinity Chess"]
[Date "2018.4.23"]
[Round "6"]
[White "Dovahkiin"]
[Black "angriff"]
[Result "0-1"]
[ECO "B90"]
[WhiteElo "2380"]
[BlackElo "2388"]
[WhiteEngine "BrainFish_180418_x64_modern_CTG"]
[BlackEngine "DracoREX 3.07 64BIT POPCNT_CTG"]
[EventType "Swiss"]
[WhiteTeam ""]
[BlackTeam ""]
[PlyCount "138"]
[TimeControl "720+1"]

1. e4 c5 2. Nf3 d6 3. d4 cxd4 4. Nxd4 Nf6 5. Nc3 a6 6. Nb3 e5 7. Bg5 Be6 
8. f4 exf4 9. Qd2 Be7 10. Bxf4 Nc6 11. Be2 d5 12. exd5 Nxd5 13. Nxd5 Qxd5 
14. O-O-O Qe4 15. Bf3 Qc4 16. Bg5 Bxg5 17. Qxg5 O-O 18. Rhe1 h6 19. Qc5 Qf4+ 
20. Kb1 Qxh2 21. Qb6 Rfc8 22. Nc5 Bf5 23. Bd5 Bg6 24. a3 Kh7 25. Rf1 Qh5 
26. Be4 Bxe4 27. Nxe4 Ne5 28. Nd6 Rc6 29. Qe3 Rd8 30. Qe4+ Qg6 31. Qxg6+ Kxg6 
32. Nxb7 Rxd1+ 33. Rxd1 Nc4 34. Nd8 Rc7 35. Ka2 Ne5 36. Rd6+ Kf5 37. Rxa6 Rxc2 
38. Ra7 Kf6 39. g3 h5 40. a4 g5 41. Ra6+ Kf5 42. Rd6 Kg4 43. Rh6 Rc8 44. Nb7 Rc6 
45. Rh8 Kxg3 46. Rxh5 Kf4 47. b4 g4 48. b5 Rb6 49. Nc5 g3 50. Rh1 g2 51. Rg1 Kg3 
52. Ne4+ Kh2 53. Rxg2+ Kxg2 54. Nc3 f5 55. Ne2 Nd3 56. Nc3 f4 57. a5 Rb8 
58. Ka3 f3 59. a6 f2 60. a7 Re8 61. Nd5 Kf3 62. Nc7 f1=Q 63. Nxe8 Ke3 
64. a8=Q Qa1+ 65. Kb3 Qb2+ 66. Kc4 Qd4+ 67. Kb3 Qb4+ 68. Kc2 Qb2+ 69. Kd1 Qb1# 
0-1

[Event "Monday 23 April Rapid Engine Tour 12+1 Rounds 9 Starts 1600ST"]
[Site "Infinity Chess"]
[Date "2018.4.23"]
[Round "6"]
[White "OlivierEvan"]
[Black "CrapCleaner"]
[Result "1-0"]
[ECO "A06"]
[WhiteElo "2399"]
[BlackElo "2454"]
[WhiteEngine "Houdini 6"]
[BlackEngine "Raubfisch ME262_GTZ17b1_CTG"]
[EventType "Swiss"]
[WhiteTeam ""]
[BlackTeam ""]
[PlyCount "67"]
[TimeControl "720+1"]

1. Nf3 d5 2. b3 Nf6 3. Bb2 c5 4. e3 e6 5. d4 Nc6 6. Bd3 b6 7. O-O Bb7 
8. Nbd2 cxd4 9. exd4 Bd6 10. Ne5 O-O 11. a3 Ne7 12. Qe2 g6 13. Rae1 Rc8 
14. c3 Nf5 15. a4 h5 16. h3 Re8 17. Rd1 Kg7 18. Rfe1 Qc7 19. b4 a5 20. b5 Qe7 
21. Ra1 Nh4 22. Rac1 Kg8 23. f3 Nd7 24. f4 Nxe5 25. fxe5 Ba3 26. Bxa3 Qxa3 
27. Qf1 Rc7 28. Rc2 Nf5 29. Qf4 Rec8 30. Bxf5 gxf5 31. Nf3 Kf8 32. Qh6+ Ke8 
33. Ng5 h4 34. Rec1 1-0

[Event "Monday 23 April Rapid Engine Tour 12+1 Rounds 9 Starts 1600ST"]
[Site "Infinity Chess"]
[Date "2018.4.23"]
[Round "6"]
[White "Eman"]
[Black "MedusaV3"]
[Result "1/2-1/2"]
[ECO "C65"]
[WhiteElo "2465"]
[BlackElo "2411"]
[WhiteEngine "Eman 1.70-beta24 64-bit POPCNT"]
[BlackEngine "Eman 1.70-beta23 64-bit BMI2_CTG"]
[EventType "Swiss"]
[WhiteTeam ""]
[BlackTeam ""]
[PlyCount "100"]
[TimeControl "720+1"]

1. e4 e5 2. Nf3 Nc6 3. Bb5 Nf6 4. O-O Nxe4 5. Re1 Nd6 6. Nxe5 Be7 7. Bf1 Nxe5 
8. Rxe5 O-O 9. d4 Bf6 10. Re1 Re8 11. c3 c6 12. Bf4 Rxe1 13. Qxe1 Ne8 14. Qe3 g6 
15. Nd2 d5 16. Re1 Ng7 17. h3 Qb6 18. Nb3 Be6 19. Re2 Rf8 20. Nc5 Bc8 
21. Bh6 Qc7 22. Re1 Nf5 23. Qf4 Qxf4 24. Bxf4 Ng7 25. Bb8 b6 26. Nd3 Bf5 
27. Bxa7 Ra8 28. Bxb6 Rxa2 29. b3 Rc2 30. Ba5 Ra2 31. Bb6 Rc2 32. Ra1 Ne6 
33. Ba5 Bh4 34. g3 Bf6 35. Ne5 Bxe5 36. dxe5 Be4 37. Bg2 Bxg2 38. Kxg2 h5 
39. Ra3 g5 40. b4 Kg7 41. Bb6 g4 42. h4 Kg6 43. Kf1 Kf5 44. Ke1 Kxe5 45. Kd1 Rb2 
46. Be3 Ke4 47. Kc1 Re2 48. Kd1 Rb2 49. Kc1 Re2 50. Kd1 Rb2 1/2-1/2

[Event "Monday 23 April Rapid Engine Tour 12+1 Rounds 9 Starts 1600ST"]
[Site "Infinity Chess"]
[Date "2018.4.23"]
[Round "6"]
[White "Mr Aj"]
[Black "KhalidOmar"]
[Result "1-0"]
[ECO "A46"]
[WhiteElo "2445"]
[BlackElo "2447"]
[WhiteEngine "Houdini 6_CTG"]
[BlackEngine "Eman 1.70-beta24 64-bit BMI2"]
[EventType "Swiss"]
[WhiteTeam ""]
[BlackTeam ""]
[PlyCount "155"]
[TimeControl "720+1"]

1. d4 Nf6 2. Nf3 d5 3. c4 e6 4. Nc3 c6 5. e3 Nbd7 6. Qc2 Bd6 7. Bd3 dxc4 
8. Bxc4 O-O 9. O-O b5 10. Be2 a6 11. e4 e5 12. Be3 Re8 13. Rad1 Qc7 14. Kh1 exd4 
15. Nxd4 Nc5 16. Bxb5 axb5 17. Ndxb5 cxb5 18. Nxb5 Qe7 19. Nxd6 Ncxe4 
20. Nxe8 Nxe8 21. Rfe1 Bf5 22. Qc6 Rc8 23. Qb6 Be6 24. a4 N8f6 25. Qa7 Qxa7 
26. Bxa7 Bb3 27. Rd4 Nxf2+ 28. Kg1 N2e4 29. a5 Kf8 30. Bb6 Rc6 31. Rdxe4 Nxe4 
32. Rxe4 f6 33. Rb4 Bc4 34. Be3 h5 35. Rb8+ Kf7 36. Rb7+ Kg6 37. b4 Ba6 
38. Ra7 Bb5 39. Bc5 Rc8 40. Rb7 Bc4 41. h4 Bd5 42. Rd7 Bc4 43. Kf2 Re8 
44. g3 Bb5 45. Rc7 Bd3 46. Bd4 Rd8 47. Ke3 Ba6 48. Rc6 Bb5 49. Rc5 Rb8 
50. Rxb5 Rxb5 51. Bc5 Rb8 52. Kd4 Ra8 53. Kd5 Rd8+ 54. Kc6 Kf5 55. a6 Kg4 
56. a7 Re8 57. b5 Re6+ 58. Kd7 Re5 59. b6 Rxc5 60. a8=Q Rc4 61. Qd5 Rb4 
62. Qd6 Rxb6 63. Qxb6 Kf3 64. Qb7+ Ke3 65. Ke6 g5 66. hxg5 fxg5 67. g4 hxg4 
68. Qb5 g3 69. Qxg5+ Kf3 70. Ke5 g2 71. Kd4 g1=Q+ 72. Qxg1 Kf4 73. Qb1 Kf3 
74. Qe4+ Kg3 75. Ke3 Kh2 76. Qg4 Kh1 77. Kf2 Kh2 78. Qg2# 1-0

[Event "Monday 23 April Rapid Engine Tour 12+1 Rounds 9 Starts 1600ST"]
[Site "Infinity Chess"]
[Date "2018.4.23"]
[Round "6"]
[White "SkyPilot"]
[Black "Vimtiroba"]
[Result "1-0"]
[ECO "C53"]
[WhiteElo "2459"]
[BlackElo "2433"]
[WhiteEngine "stockfish_x64_bmi2_2018_04_07_CTG"]
[BlackEngine "AsmFish A10_CTG"]
[EventType "Swiss"]
[WhiteTeam ""]
[BlackTeam ""]
[PlyCount "125"]
[TimeControl "720+1"]

1. e4 e5 2. Nf3 Nc6 3. Bc4 Bc5 4. c3 Nf6 5. d3 d6 6. O-O a5 7. Re1 Ba7 
8. Nbd2 O-O 9. h3 Ne7 10. Nf1 c6 11. Bb3 Ng6 12. d4 exd4 13. Nxd4 Re8 14. Ng3 h6 
15. f4 Bd7 16. Bc2 b5 17. Kh1 Bc5 18. Qf3 Qc8 19. Nh5 Qd8 20. Bd2 Bb6 
21. Rad1 Nxh5 22. Qxh5 Qf6 23. Nf5 a4 24. Rf1 Nf8 25. g4 Bxf5 26. gxf5 Qe7 
27. Rfe1 Nd7 28. Re2 Nf6 29. Qf3 Nd7 30. Be1 f6 31. Red2 Bc5 32. Bh4 Nb6 
33. Rg2 Kh8 34. b4 axb3 35. axb3 b4 36. cxb4 Bxb4 37. Qh5 Bc3 38. Rg3 Bb2 
39. Rg6 Rf8 40. Rdg1 Rf7 41. e5 Nd5 42. e6 Nxf4 43. Qg4 Nxg6 44. exf7 Qxf7 
45. fxg6 Qa7 46. Re1 Be5 47. Kg2 d5 48. Bf2 c5 49. b4 d4 50. bxc5 Qxc5 
51. Re2 Rb8 52. Bd3 Qf8 53. Rc2 Re8 54. Qf3 Qe7 55. Bf5 Rd8 56. Rc8 Qf8 
57. Rxd8 Qxd8 58. Qb7 Qg8 59. Kf3 Qd8 60. Qc8 Qxc8 61. Bxc8 d3 62. Ke3 d2 
63. Kxd2 1-0

[Event "Monday 23 April Rapid Engine Tour 12+1 Rounds 9 Starts 1600ST"]
[Site "Infinity Chess"]
[Date "2018.4.23"]
[Round "6"]
[White "Time_bandit"]
[Black "hafaba"]
[Result "1/2-1/2"]
[ECO "C65"]
[WhiteElo "2470"]
[BlackElo "2439"]
[WhiteEngine "asmFishW_2018-04-11_bmi2"]
[BlackEngine "Eman 1.70-beta21 64-bit POPCNT_CTG"]
[EventType "Swiss"]
[WhiteTeam ""]
[BlackTeam ""]
[PlyCount "99"]
[TimeControl "720+1"]

1. e4 e5 2. Nf3 Nc6 3. Bb5 Nf6 4. O-O Nxe4 5. d4 Nd6 6. Bxc6 dxc6 7. dxe5 Nf5 
8. Qxd8+ Kxd8 9. Nc3 Bd7 10. Rd1 Kc8 11. Ng5 Be8 12. Rd3 b6 13. a4 h6 14. Nf3 g5 
15. b3 Bg7 16. a5 c5 17. Nd5 Bc6 18. Bb2 Re8 19. h3 Ne7 20. Nxe7+ Rxe7 
21. a6 Be4 22. Rd2 c6 23. Re1 Bf5 24. Red1 Re8 25. b4 Bf8 26. bxc5 Bxc5 
27. Nd4 Bxd4 28. Bxd4 Be6 29. Be3 c5 30. g4 Kc7 31. Rd6 Red8 32. f4 Rxd6 
33. Rxd6 gxf4 34. Bxf4 Rh8 35. Kf2 h5 36. g5 Re8 37. h4 Rg8 38. Ke3 Kc8 
39. Ke4 Kc7 40. Be3 Re8 41. g6 fxg6 42. Bg5 Kc8 43. Bf4 Kc7 44. Bg5 Kb8 
45. c3 Kc7 46. Bf4 Re7 47. Bh2 Re8 48. Bf4 Re7 49. Bg3 Re8 50. Bf4 1/2-1/2

[Event "Monday 23 April Rapid Engine Tour 12+1 Rounds 9 Starts 1600ST"]
[Site "Infinity Chess"]
[Date "2018.4.23"]
[Round "6"]
[White "Katzenmaier"]
[Black "ocirema"]
[Result "1/2-1/2 "]
[ECO "A30"]
[WhiteElo "2497"]
[BlackElo "2443"]
[WhiteEngine "Raubfisch X36d1"]
[BlackEngine "Eman 1.70-beta21 64-bit POPCNT_CTG"]
[EventType "Swiss"]
[WhiteTeam ""]
[BlackTeam ""]
[PlyCount "170"]
[TimeControl "720+1"]

1. c4 c5 2. g3 g6 3. Bg2 Nc6 4. Nc3 Bg7 5. d3 Rb8 6. Rb1 a6 7. e3 e6 
8. Nge2 Nge7 9. O-O O-O 10. b3 d6 11. Bb2 b5 12. Ne4 e5 13. Qd2 f5 14. N4c3 Qa5 
15. Rbd1 Re8 16. f4 Bb7 17. fxe5 Nxe5 18. Bxb7 Rxb7 19. Nf4 N7c6 20. Qg2 Rf7 
21. Ncd5 bxc4 22. bxc4 Nb4 23. Nxb4 cxb4 24. Nd5 Qa4 25. Bxe5 Rxe5 26. d4 Re4 
27. Qb2 Qe8 28. Qb3 Bh6 29. Rf3 a5 30. Qd3 Qc6 31. a3 bxa3 32. Ra1 Re8 
33. Rxa3 a4 34. Rf2 Rc8 35. Rfa2 Ra7 36. Rc3 Kf8 37. Kf2 Ra5 38. Rcc2 Rb8 
39. Ra3 Ra7 40. Rca2 Qd7 41. Qd1 f4 42. gxf4 Qh3 43. Qf1 Qxh2+ 44. Qg2 Qh4+ 
45. Qg3 Qh1 46. Nc3 Rab7 47. Rxa4 Rb3 48. Ra1 Rb2+ 49. Ne2 Qh5 50. Re1 Bg7 
51. Qf3 Qh2+ 52. Kf1 Bf6 53. f5 g5 54. Qg2 Qh5 55. c5 dxc5 56. Ra6 Kg7 
57. dxc5 g4 58. Ra4 R2b4 59. Nf4 Qxf5 60. Rxb4 Rxb4 61. Qd2 Rb8 62. Kg1 Rd8 
63. Qf2 Be5 64. c6 Rc8 65. Rc1 h5 66. Qd2 Qe4 67. Nxh5+ Kg6 68. Nf4+ Bxf4 
69. exf4 Rxc6 70. Rxc6+ Qxc6 71. Qd3+ Kg7 72. Kf2 g3+ 73. Qxg3+ Kf6 74. Qe3 Qc2+ 
75. Ke1 Qb1+ 76. Kd2 Qb2+ 77. Kd1 Qa1+ 78. Kc2 Qa2+ 79. Kd3 Qd5+ 80. Kc2 Kf7 
81. Qe5 Qh1 82. Kd2 Qh2+ 83. Kc1 Qg1+ 84. Kb2 Qg2+ 85. Ka1 Qf1+ 1/2-1/2